 Dungeon Crawl Stone Soup version 0.31-a0-845-g9abc20d24f (webtiles) character file.

Game seed: 1902674044893554968

4477 Flugkiller the Cleaver (level 10, -3/80 HPs)
             Began as a Formicid Fighter on Oct 1, 2023.
             Was a Believer of Okawaru.
             Slain by a vault guard
             ... wielding a +0 broad axe
              (20 damage)
             ... in a bailey.
             The game lasted 00:06:20 (6439 turns).

Flugkiller the Cleaver (Formicid Fighter)           Turns: 6439, Time: 00:06:20

Health: -3/80      AC: 18    Str: 25    XL:     10   Next: 64%
Magic:  11/12      EV: 15    Int:  8    God:    Okawaru [**....]
Gold:   297        SH: 12    Dex: 13    Spells: 9/9 levels left

rFire   . . .        a - +0 war axe
rCold   . . .        k - +0 kite shield
rNeg    . . .        p - +1 chain mail
rPois   .            (helmet unavailable)
rElec   .            (no cloak)
rCorr   +            f - +0 pair of gloves
SInv    +            e - +2 pair of boots
Will    +....        (no amulet) Stlth
                     B - ring of resist corrosion
HPRegen 0.33/turn    v - +5 ring of evasion
MPRegen 0.13/turn

%: no passive effects
@: heroic
A: permanent stasis, dig shafts and tunnels, antennae 3, four strong arms
a: Dig, Renounce Religion, Heroism


You were in a bailey.
You worshipped Okawaru.
Okawaru was pleased with you.
You visited 2 branches of the dungeon, and saw 10 of its levels.
You also visited: Bailey.

You collected 297 gold pieces.

Inventory:

Hand Weapons
 a - a +0 war axe (weapon)
Missiles
 n - 11 javelins
 y - 4 throwing nets
Armour
 b - a +0 scale mail
 c - a +0 buckler
 e - a +2 pair of boots (worn)
   (You found it on level 3 of the Dungeon)
 f - a +0 pair of gloves (worn)
   (You found it on level 3 of the Dungeon)
 k - a +0 kite shield (worn)
   (You found it on level 3 of the Dungeon)
 p - a +1 chain mail (worn)
   (You took it off Terence on level 2 of the Dungeon)
Jewellery
 v - a +5 ring of evasion (right hand)
   (You found it on level 6 of the Dungeon)
 B - a ring of resist corrosion (left hand)
   (You found it on level 1 of the Dungeon)
Wands
 r - a wand of flame (38)
   (You found it on level 8 of the Dungeon)
 t - a wand of mindburst (11)
   (You found it on level 4 of the Dungeon)
Scrolls
 g - 7 scrolls of immolation
 m - 2 scrolls of enchant armour
 o - a scroll of vulnerability
 s - a scroll of poison
 A - a scroll of fear {unknown}
Potions
 d - 2 potions of might
 h - a potion of haste
 i - 3 potions of enlightenment
 j - a potion of magic
 l - a potion of mutation
 q - 2 potions of curing
 x - a potion of ambrosia {unknown}


   Skills:
 + Level 7.9(12.9) Fighting
 * Level 9.4(14.4) Axes
 + Level 7.9(12.9) Armour
 + Level 8.5(13.5) Shields
 + Level 3.7 Invocations
 + Level 2.7 Evocations


You had 9 spell levels left.
You didn't know any spells.
Your spell library contained the following spells:

 Spells                   Type           Power      Damage    Failure   Level
 Freeze                   Ice            0%         1d3       94%         1
 Cigotuvi's Dreadful Rot  Necr/Pois/Air  0%         N/A       98%         2
 Frozen Ramparts          Ice            0%         1d1       100%        3
 Hailstorm                Conj/Ice       0%         3d3       100%        3
 Volatile Blastmotes      Fire/Tloc      0%         2d10      100%        3
 Brom's Barrelling Bould  Conj/Erth      0%         2d3       100%        4
 Dispel Undead            Necr           0%         3d6       100%        4
 Fulminant Prism          Conj/Hex       0%         3d5       100%        4
 Iskenderun's Mystic Bla  Conj/Tloc      0%         2d3       100%        4
 Fireball                 Conj/Fire      0%         3d3       100%        5
 Iskenderun's Battlesphe  Conj           0%         2d6       100%        5
 Bombard                  Conj/Erth      0%         9d1       100%        6
 Conjure Ball Lightning   Conj/Air       0%         3x3d6     100%        6
 Orb of Destruction       Conj           0%         9d5       100%        7
 Death Channel            Necr           Unusable   N/A       N/A         6
 Spellforged Servitor     Conj/Summ      Unusable   N/A       N/A         7

Dungeon Overview and Level Annotations

Branches:
Dungeon (9/15) Zot: 26691  Temple (1/1) D:5 Zot: 5998  Bailey (1/1) Zot: 5766
   Lair: D:8-11         Orc: D:9-12

Altars:
Ashenzari
Cheibriados
Dithmenos
Elyvilon
Fedhas
Gozag
Hepliaklqana
Kikubaaqudgha
Makhleb
Nemelex Xobeh
Okawaru
Qazlal
Ru
Sif Muna
Trog
Uskayaw
Vehumet
Wu Jian
Xom
Yredelemnul
Zin
The Shining One

Shops:
D:4 :

Annotations:
D:8 1 runed translucent door, Xavier147's ghost, novice TrFi


Innate Abilities, Weirdness & Mutations

You cannot be hasted, slowed, berserked, paralysed or teleported.
You can dig through walls and to a lower floor.
You have a pair of large antennae on your head. (SInv)
Your four strong arms can wield two-handed weapons with a shield.


Message History

You closely miss the bullfrog.
The bullfrog is heavily wounded.
You closely miss the human. You barely miss the goblin.
The cane toad croaks.
The bullfrog hits you. You block the human's attack.
The goblin hits you with a +0 hand axe. The bullfrog misses you.
You barely miss the bullfrog.
The bullfrog is heavily wounded.
You hit the human. You closely miss the goblin.
The human hits you but does no damage. The goblin hits you but does no damage.
You block the bullfrog's attack. The human hits you but does no damage.
You block the goblin's attack.
You barely miss the bullfrog.
The bullfrog is heavily wounded.
You hit the human. You hit the goblin. The bullfrog hits you.
The bullfrog hits you but does no damage.
The human hits you with a +0 war axe. You block the goblin's attack.
You closely miss the goblin.
The goblin is severely wounded.
You barely miss the human. You hit the bullfrog.
You block the bullfrog's attack.
A vault guard comes into view. It is wielding a +0 broad axe.
You block the human's attack. The goblin hits you but does no damage.
The bullfrog hits you but does no damage.
You slash the bullfrog!
You kill the bullfrog!
Okawaru accepts your kill.
You hit the human. You closely miss the goblin.
The human hits you with a +0 war axe.
You slash the human!
The human is severely wounded.
You hit the cane toad but do no damage. You block the cane toad's attack.
You block the human's attack.
The cane toad stings you but does no damage.
You barely miss the human.
The human is severely wounded.
You slash the goblin!
You kill the goblin!
Okawaru accepts your kill.
You hear a splash. x2
You hit the cane toad but do no damage. The human hits you but does no damage.
The cane toad misses you.
You hit the human.
The human is severely wounded.
You slash the cane toad! The human misses you. The cane toad stings you!
You barely miss the human.
The human is severely wounded.
You slash the cane toad! The cane toad stings you.
The human hits you but does no damage.
You slash the human!
The human is almost dead.
You hit the cane toad. The cane toad stings you!
You are poisoned.
The cane toad poisons you!
You are too injured to fight recklessly!
You are too injured to fight recklessly!
You are too injured to fight recklessly!
You are too injured to fight recklessly!
You are too injured to fight recklessly!
You gain the combat prowess of a mighty hero.
You feel very sick.
The human splashes around in the water.
Okay, then.
You feel better. The cane toad misses you. The vault guard misses you.
The human splashes around in the water.
You hit the cane toad.
The cane toad is heavily wounded.
You hit the vault guard. You closely miss the human.
You block the cane toad's attack. The vault guard closely misses you.
The human splashes around in the water.
You hit the cane toad but do no damage.
The cane toad is heavily wounded.
You completely miss the human. You closely miss the vault guard.
The cane toad stings you but does no damage.
The vault guard hits you with a +0 broad axe.
The human misses you.
You hit the cane toad.
The cane toad is severely wounded.
You miss the human.
You hit the vault guard but do no damage.
You block the cane toad's attack. The vault guard completely misses you.
You closely miss the human.
The human is almost dead.
You hit the cane toad but do no damage.
You hit the vault guard but do no damage.
The cane toad misses you.
The human splashes around in the water.
You completely miss the cane toad.
The cane toad is severely wounded.
You barely miss the vault guard. You hit the human but do no damage.
The cane toad stings you!
The vault guard hits you with a +0 broad axe!
* * * LOW HITPOINT WARNING * * *
The human splashes around in the water.
You hit the cane toad.
The cane toad is severely wounded.
You hit the vault guard but do no damage.
You closely miss the human.
The cane toad stings you but does no damage.
The vault guard hits you with a +0 broad axe!!
You die...

##...##~~~~#{
#..∩..'~~~## ######
#....†###### ###≈≈≈≈≈#
#..∩.))....#+##≈≈~~~~~≈
##...##......#≈~~~~~~~~
#####.).....##≈~~~~~~~
#...#######≈~...~..
#..##..#≈≈≈pF......
#...#..#.).@p....~.
#...#..'..~~)~.....
##.....#~~≈≈≈≈~~..~
##....#≈≈####≈≈~..
######### ##≈~. { ≈. .


You could see a vault guard, a cane toad and a human.

Vanquished Creatures
  Joseph (D:9)
  A troll (D:7)
  Prince Ribbit (D:7)
  A wyvern (D:8)
  Eustachio (D:5)
  3 humans (Bailey)
  A steam dragon (D:8)
  An acid dragon (D:8)
  An orc warrior (D:8)
  2 sky beasts (D:7)
  An ogre (D:5)
  2 centaurs
  A kobold brigand (D:7)
  A gnoll sergeant (D:8)
  Blork the orc (D:5)
  6 bullfrogs
  5 scorpions
  5 killer bees (D:8)
  5 howler monkeys
  4 hounds
  3 jellies
  3 orc priests
  A gnoll bouda (D:8)
  5 iguanas
  Terence (D:2)
  3 orc wizards
  Robin (D:2)
  13 gnolls
  12 adders
  2 white imps
  3 ufetubi
  5 dart slugs
  35 orcs
  8 ball pythons
  5 endoplasms
  2 giant cockroaches (D:4)
  16 goblins
  11 hobgoblins
  3 jackals
  A quokka (D:4)
  5 bats
  4 frilled lizards
  13 kobolds
  5 rats
204 creatures vanquished.

Notes
Turn   | Place    | Note
-------+----------+-------------------------------------------
     0 | D:1      | Flugkiller the Formicid Fighter began the quest for the
                  | Orb.
     0 | D:1      | Reached XP level 1. HP: 18/18 MP: 1/1
   122 | D:1      | Reached XP level 2. HP: 20/24 MP: 2/2
   164 | D:1      | Reached XP level 3. HP: 27/29 MP: 3/3
   265 | D:1      | Reached skill level 3 in Axes
   531 | D:1      | Reached XP level 4. HP: 33/37 MP: 4/4
   930 | D:2      | Noticed Robin
   942 | D:2      | Killed Robin
   959 | D:2      | Noticed Terence
   973 | D:2      | Killed Terence
   974 | D:2      | Reached XP level 5. HP: 10/42 MP: 5/5
  1221 | D:2      | Found a shimmering blue altar of Sif Muna.
  1485 | D:3      | Found a blossoming altar of Fedhas.
  1643 | D:3      | Reached skill level 4 in Axes
  1802 | D:3      | Reached XP level 6. HP: 37/49 MP: 6/6
  1928 | D:3      | Found a faded altar of an unknown god.
  2166 | D:4      | Found Zoror's Self-Improvement Boutique.
  2323 | D:4      | Reached XP level 7. HP: 52/55 MP: 7/7
  2530 | D:4      | Reached skill level 5 in Axes
  2628 | D:4      | Reached skill level 5 in Fighting
  2628 | D:4      | Reached skill level 5 in Armour
  2807 | D:5      | Entered Level 5 of the Dungeon
  2807 | D:5      | Noticed Eustachio
  2943 | D:5      | Killed Eustachio
  2944 | D:5      | Reached skill level 5 in Shields
  2991 | D:5      | Found a stormy altar of Qazlal.
  3000 | D:5      | Reached XP level 8. HP: 21/62 MP: 8/8
  3306 | D:5      | Reached skill level 6 in Axes
  3477 | D:5      | Identified the +3 leather armour of the Sky {rF+ Dex+3}
  3486 | D:5      | Found a staircase to the Ecumenical Temple.
  3496 | Temple   | Entered the Ecumenical Temple
  3601 | D:5      | Noticed Blork the orc
  3614 | D:5      | Killed Blork the orc
  3804 | D:6      | Found a broken altar of Ashenzari.
  4207 | D:7      | Noticed Prince Ribbit
  4207 | D:7      | Found a basalt altar of Yredelemnul.
  4229 | D:7      | Killed Prince Ribbit
  4230 | D:7      | Reached skill level 7 in Axes
  4230 | D:7      | Reached XP level 9. HP: 53/70 MP: 9/9
  4331 | D:7      | Found a glowing silver altar of Zin.
  4386 | D:7      | Noticed a troll
  4413 | D:7      | Killed a troll
  4414 | D:7      | Reached skill level 8 in Axes
  4641 | D:7      | Found an iron altar of Okawaru.
  4725 | D:7      | Became a worshipper of Warmaster Okawaru
  4983 | D:8      | HP: 5/108 [killer bee (3)]
  4989 | D:8      | Reached skill level 1 in Invocations
  5369 | D:8      | Reached * piety under Okawaru
  5370 | D:8      | Reached XP level 10. HP: 63/79 MP: 11/11
  5442 | D:8      | Found a runed translucent door.
  5443 | D:8      | Noticed Xavier147's ghost (novice TrFi)
  5479 | D:8      | Reached skill level 1 in Evocations
  5769 | D:8      | Found a glowing golden altar of the Shining One.
  5909 | D:9      | Noticed Joseph
  6185 | D:9      | Killed Joseph
  6186 | D:9      | Reached skill level 9 in Axes
  6204 | D:9      | Found a flagged portal.
  6213 | Bailey   | Entered a bailey
  6280 | Bailey   | Reached ** piety under Okawaru
  6421 | Bailey   | Noticed a cane toad
  6425 | Bailey   | Noticed a vault guard
  6439 | Bailey   | Slain by a vault guard

Illustrated notes

Levels and vault maps discovered:
D:1:      lemuel_arrival_lava_pool, layout_loops_ring
D:2:      layout_basic, basic_altar, uniq_terence, uniq_robin
D:3:      layout_rooms, mainiacjoe_overflow_alcove_1,
          chequers_ecumenical_altar_island
D:4:      layout_basic, nicolae_shop_self_help
D:5:      layout_rooms, nicolae_qazlal_scattered_showers,
          minmay_temple_entry_proselytizer, uniq_blork_the_orc, uniq_eustachio
D:6:      layout_cave_pools, ashenzari_altar_1, corexii_item_surrounded_by_moat
D:7:      layout_gridville, mainiacjoe_overflow_alcove_4,
          mainiacjoe_overflow_concentric_impassable,
          mainiacjoe_overflow_brackets, uniq_prince_ribbit1
D:8:      layout_rooms, nicolae_tso_swordbearing_angel, gammafunk_ghost_grave
D:9:      layout_basic, enter_bailey_6, abandoned_shop,
          chequers_decorated_corner, uniq_erica, uniq_joseph
Temple:   minmay_freezing_vapour_temple
Bailey:   bailey_axe_froggy_fort_hellmonk, bailey

Skill      XL: |  1  2  3  4  5  6  7  8  9 10 |
---------------+-------------------------------+-----
Axes           | 3 4 5 7 8 9 |  9.4
Armour         | 4 5 6 7 |  7.9
Fighting       | 4 5 6 7 |  7.9
Shields        | 5 6 7 8 |  8.5
Invocations    | 1 3 |  3.7
Evocations     | 2 |  2.7

Action                     |  1- 3 |  4- 6 |  7- 9 | 10-12 || total
---------------------------+-------+-------+-------+-------++-------
  Melee: War axe           |    48 |   184 |   315 |   117 ||   664
 Invoke: Heroism           |       |       |       |     1 ||     1
  Evoke: Wand              |       |       |     4 |     9 ||    13
    Use: Scroll            |       |     8 |     4 |     2 ||    14
         Potion            |       |       |    10 |     1 ||    11
 Armour: Scale mail        |    18 |    53 |       |       ||    71
         Chain mail        |       |   118 |   268 |   113 ||   499
         Skin              |       |       |    78 |       ||    78
  Dodge: Dodged            |    18 |    84 |   178 |    89 ||   369
  Block: Buckler           |    14 |    36 |       |       ||    50
         Kite shield       |       |    63 |   238 |    98 ||   399

Table legend: (Time is in decaauts)
 A = Elapsed time spent in this place.
 B = Non-inter-level travel time spent in this place.
 C = Inter-level travel time spent in this place.
 D = Time resting spent in this place.
 E = Time spent auto-exploring this place.
 F = Levels seen in this place.
 G = Mean time per level.
                   A        B        C        D        E       F      G
               +--------+--------+--------+--------+--------+-----+--------+
         Total |   6626 |   6295 |    331 |   1544 |   3155 |  11 |  602.4 |
       Dungeon |   6391 |   6060 |    331 |   1415 |   3142 |   9 |  710.1 |
        Temple |      1 |      1 |      0 |      0 |      0 |   1 |    1.0 |
        Bailey |    233 |    233 |      0 |    129 |     13 |   1 |  233.0 |
               +--------+--------+--------+--------+--------+-----+--------+

Top non-repeatable levels by time:
     D:8: 1047 daAuts
     D:4: 1021 daAuts
     D:7: 942 daAuts
     D:2: 836 daAuts
     D:5: 754 daAuts
     D:1: 687 daAuts
     D:3: 615 daAuts
     D:6: 425 daAuts
  Bailey: 233 daAuts
     D:9: 60 daAuts
  Temple: 1 daAuts
